Unix NetHack Version 3.7.0-94 Work-in-progress - last build Dec 18 2023 00:11:04 (7e3deff068b9ef4f2ebb9a71ea0f5c4a3b578a14,branch:master). Game began 2023-12-22 18:01:30, ended 2023-12-22 18:28:02. wangpang, neutral male human Barbarian ----- #..^(.####------------ #|...| #|*...`.....| #|.... #|.*........| --------- ------- #----- #...........| |.......| |<....| # ##|..........| #-.......| |...{.| # #|..........|#######|.......| |.....-# #) #............# ##-..>.....# -------# # ----+------- --.------# # # ### # ------------ # # # ## |.%%*!.(?*+| # # # ## |.?)[%[*%[%| # # # ###-%?)(%%%!!%| ### # ----- ##### |.![[().+(%| #------------# |.|.| ### ------------ #-..........|# |....@e -.------------ |..........-# |...| S##.............| |..........| ----- |............| ------------ -------------- Wangpang the Pillager St:18/02 Dx:15 Co:18 In:8 Wi:7 Ch:6 Neutral Dlvl:5 $:103 HP:0(46) Pw:8(8) AC:3 Xp:4/125 T:2266 Latest messages: The garter snake bites! The garter snake bites! The garter snake bites! You hear the footsteps of a guard on patrol. The garter snake bites! The garter snake bites! The garter snake misses! The garter snake bites! The garter snake bites! The garter snake bites! The garter snake bites! The garter snake bites! The garter snake bites! The garter snake bites! The garter snake bites! The garter snake bites! The garter snake bites! The garter snake misses! The garter snake bites! The garter snake bites! The garter snake bites! The garter snake bites! The garter snake misses! The garter snake bites! The garter snake bites! You hear the footsteps of a guard on patrol. The garter snake bites! The garter snake bites! You hear someone cursing shoplifters. The garter snake bites! The garter snake bites! The garter snake bites! The garter snake bites! The garter snake bites! The garter snake bites! The garter snake bites! The garter snake bites! The garter snake bites! The garter snake misses! The garter snake bites! The garter snake bites! The garter snake bites! The garter snake bites! The garter snake bites! You die... Do you want your possessions identified? [ynq] (y) Do you want to see your attributes? [ynq] (y) Do you want an account of creatures vanquished? [ynaq] (y) Do you want to see your conduct and achievements? [ynq] (y) Do you want to see the dungeon overview? [ynq] (y) Inventory: Coins $ - 103 gold pieces Weapons b - a +0 axe (alternate weapon; not wielded) s - a +0 elven short sword a - a +0 two-handed sword (weapon in hands) Armor t - an uncursed +0 orcish helm p - a blessed +0 pair of jumping boots h - an uncursed +0 plate mail (being worn) Comestibles d - 3 uncursed food rations g - an uncursed egg Scrolls m - an uncursed scroll of confuse monster q - an uncursed scroll of enchant weapon f - an uncursed scroll of identify e - a blessed scroll of light o - 2 uncursed scrolls of magic mapping Tools i - a cursed oil lamp l - an uncursed skeleton key Wangpang the Barbarian's attributes: Background: You were a Pillager, a level 4 male human Barbarian. You were neutral, nominally on a mission for Crom who was opposed by Mitra (lawful) and Set (chaotic). You were right-handed. You were in the Dungeons of Doom, on level 5. You entered the dungeon 2266 turns ago. You had 125 experience points, 35 more were needed to attain level 5. Basics: You had 0 out of 46 hit points. You had all 8 energy points (spell power). Your armor class was 3. Your wallet contained 103 zorkmids. Autopickup was on for '$?!/="+*' plus thrown, with exceptions. Final Characteristics: Your strength was 18/02 (limit:18/100). Your dexterity was 15 (peak:16, limit:18). Your constitution was 18 (limit:18). Your intelligence was 8 (limit:18). Your wisdom was 7 (limit:18). Your charisma was 6 (limit:18). Final Status: You weren't hungry. You were unencumbered. You were wielding a two-handed sword. You had basic skill with two-handed sword. Final Attributes: You were piously aligned. You were poison resistant. You were telepathic. You were guarded. You are dead. Miscellaneous: You disabled loading of bones levels. Total elapsed playing time was 26 minutes and 26 seconds. Major events: Turn 1: wangpang the neutral male human Barbarian entered the dungeon 1144: attained the rank of Pillager (level 3) 2266: killed by a garter snake, while frozen by a floating eye's gaze Vanquished creatures: a giant ant 2 floating eyes 2 homunculi a dwarf zombie an iguana an acid blob 2 hobbits 2 large kobolds 2 hobgoblins 4 giant rats a gnome zombie 2 geckos 3 jackals a fox 5 sewer rats 2 grid bugs 2 lichens a kobold zombie 4 newts 39 creatures vanquished. No species were genocided or became extinct. Voluntary challenges: You were an atheist. You were illiterate. You never engraved Elbereth. You never genocided any monsters. You never polymorphed an object. You never changed form. You used no wishes. Achievements: You entered a shop. You attained the rank of Pillager. The Dungeons of Doom: levels 1 to 5 Level 1: A fountain. Level 2: A general store, some fountains. Level 3: A fountain, a grave. Level 4: A fountain. Level 5: <- You were here. A general store, a sink, a grave. Final resting place for you, killed by a garter snake, while frozen by a floating eye's gaze. Game over: ---------- / \ / REST \ / IN \ / PEACE \ / \ | wangpang | | 103 Au | | killed by a | | garter snake | | | | | | 2023 | *| * * * | * _________)/\\_//(\/(/\)/\//\/|_)_______ Goodbye wangpang the Barbarian... You died in The Dungeons of Doom on dungeon level 5 with 793 points, and 103 pieces of gold, after 2266 moves. You were level 4 with a maximum of 46 hit points when you died.